 Dungeon Crawl Stone Soup version 0.30-a0-808-g6e0788376e (webtiles) character file.

Game seed: 3720240360124048661

34050 MachoJfn the Protected (level 13, -1/103 HPs)
             Began as a Demonspawn Gladiator on Feb 16, 2023.
             Was the Champion of Jiyva.
             Slain by a white ugly thing (8 damage)
             ... on level 15 of the Dungeon on Feb 26, 2023.
             The game lasted 01:09:54 (14161 turns).

MachoJfn the Protected (Demonspawn Gladiator)      Turns: 14161, Time: 01:09:54

Health: -1/103     AC: 39    Str: 18    XL:     13   Next: 40%
Magic:  13/13      EV:  5    Int:  9    God:    Jiyva [******]
Gold:   786        SH:  0    Dex: 28    Spells: 12/12 levels left

rFire   + . .      SeeInvis +    n - +5 dagger "Roahu" {spect, rElec}
rCold   + . .      Faith    .    i - orb {*Rage}
rNeg    + . .      Spirit   .    j - +12 crystal plate armour of Youthful Indiscretion {-Tele rC+ rN+ rCorr SInv}
rPois   .          Reflect  .    c - +1 helmet
rElec   +          Harm     .    (no cloak)
rCorr   +          Rampage  .    (no gloves)
Will    ++...      Rage     20%  (no boots)
Stlth   +          NoTele   +    (no amulet)
HPRegen 1.97/turn                u - ring "Poeshrau" {+Blink Fly Dex+3 Stlth+}
MPRegen 0.76/turn                (no ring)

@: mighty, on berserk cooldown, flying, slowed, very slow
A: hooves 2, icy blue scales 1, demonic guardian 2, magic regeneration, thin
skeletal structure 3, agile 1, fire resistance 1, strong-willed 2, electricity
resistance, wild magic 3, acidic bite
a: Renounce Religion, Evoke Blink, Oozemancy, Slimify


You were on level 15 of the Dungeon.
You worshipped Jiyva.
Jiyva was exalted by your worship.
You visited 2 branches of the dungeon, and saw 16 of its levels.
You also visited: Sewer.

You collected 825 gold pieces.
You spent 39 gold pieces at shops.

Inventory:

Hand Weapons
 n - the +5 dagger "Roahu" (weapon) {spect, rElec}
   (You found it on level 2 of the Dungeon)

   rElec:     It insulates you from electricity.
Missiles
 d - 5 throwing nets
 e - 6 javelins
 C - 5 poisoned darts
Armour
 c - a +1 helmet (worn)
 i - an orb of wrath (worn)
 j - the +12 crystal plate armour of Youthful Indiscretion (worn) {-Tele rC+ rN+ rCorr SInv}
   (You acquired it on level 1 of the Dungeon)

   rC:        It protects you from cold.
   rN:        It protects you from negative energy.
   SInv:      It lets you see invisible.
   -Tele:     It prevents most forms of teleportation.
   rCorr:     It protects you from acid and corrosion.
Magical Staves
 y - a staff of conjuration
Jewellery
 u - the ring "Poeshrau" (left hand) {+Blink Fly Dex+3 Stlth+}
   (You acquired it on level 7 of the Dungeon)

   [ring of flight]

   Dex:       It affects your dexterity (+3).
   Fly:       It grants you flight.
   +Blink:    It lets you blink.
   Stlth:     It makes you more stealthy.
Wands
 a - a wand of digging (5)
 q - a wand of iceblast (7)
 G - a wand of polymorph (2)
Scrolls
 l - a scroll of enchant armour
 m - 7 scrolls of identify
 p - a scroll of magic mapping
 x - a scroll of amnesia
 z - 2 scrolls of poison
 E - a scroll of teleportation
Potions
 f - a potion of might
 g - 4 potions of curing
 h - a potion of haste
 o - 4 potions of flight
 r - a potion of brilliance
 t - a potion of berserk rage (quivered)
 w - a potion of mutation
 H - a potion of invisibility
 J - a potion of lignification
Miscellaneous
 s - a phial of floods
 v - a piece from Xom's chessboard (15/15)


   Skills:
 + Level 10.2 Fighting
 + Level 11.1 Short Blades
 + Level 4.3 Axes
 + Level 2.4 Throwing
 + Level 13.8 Armour
 + Level 3.2 Dodging
 + Level 7.1 Stealth
 + Level 0.4 Evocations


You had 12 spell levels left.
You didn't know any spells.
Your spell library contained the following spells:

 Spells                   Type           Power      Damage    Failure   Level
 Kiss of Death            Conj/Necr      0%         2d5       100%        1
 Slow                     Hex            0%         N/A       100%        1
 Summon Small Mammal      Summ           0%         N/A       100%        1
 Ensorcelled Hibernation  Hex/Ice        0%         N/A       100%        2
 Passwall                 Tmut/Erth      0%         N/A       100%        2
 Call Canine Familiar     Summ           0%         N/A       100%        3
 Confusing Touch          Hex            0%         N/A       100%        3
 Inner Flame              Hex/Fire       0%         N/A       100%        3
 Ozocubu's Armour         Ice            0%         N/A       100%        3
 Spider Form              Tmut/Pois      0%         N/A       100%        3
 Summon Guardian Golem    Hex/Summ       0%         N/A       100%        3
 Swiftness                Air            0%         N/A       100%        3
 Vampiric Draining        Necr           0%         2d6       100%        3
 Anguish                  Hex/Necr       0%         N/A       100%        4
 Cause Fear               Hex            0%         N/A       100%        4
 Dispel Undead            Necr           0%         3d6       100%        4
 Metabolic Englaciation   Hex/Ice        0%         N/A       100%        5
 Simulacrum               Ice/Necr       0%         N/A       100%        6
 Discord                  Hex            0%         N/A       100%        8


Dungeon Overview and Level Annotations

Branches:
Dungeon (15/15)            Temple (0/1) D:6            Lair (0/5) D:9
    Orc (1/2) D:9          Vaults (0/5) D:14          Sewer (visited)
 Depths: D:15

Altars:
Ashenzari
Cheibriados
Gozag
Kikubaaqudgha
Nemelex Xobeh
Jiyva

Shops:
D:14 *

Annotations:
D:12 6 runed translucent doors, exclusion: orange crystal statue, Efuan's ghost, journeyman MiFi
D:13 1 runed translucent door, Jynaviopo's ghost, journeyman GrFi


Innate Abilities, Weirdness & Mutations

You have hoof-like feet.
You are partially covered in icy blue scales. (AC +2)
A demonic guardian rushes to your aid.
You regenerate magic rapidly.
You have an unnaturally thin skeletal structure. (Dex +6, Stealth+++)
You are agile. (Dex +4, Str/Int -1)
Your flesh is heat resistant. (rF+)
You are highly strong-willed. (Will++)
You are resistant to electric shocks. (rElec)
Your spells are much harder to cast, but much more powerful.
You have acidic saliva.


Message History

Your ice devil freezes the deep elf zephyrmancer!
The cyan ugly thing basks in the mutagenic energy from its kin and changes!
The freezing wraith closely misses your +5 dagger "Roahu" {spect, rElec}.
The freezing wraith barely misses your +5 dagger "Roahu" {spect, rElec}.
The freezing wraith hits you but does no damage. x2
The deep elf zephyrmancer closely misses your ice devil.
You puncture the freezing wraith!
You destroy the freezing wraith!
The cyan ugly thing kicks you but does no damage.
Your ice devil hits the deep elf zephyrmancer!
The deep elf zephyrmancer dies!
The red ugly thing basks in the mutagenic energy from its kin and changes!
You puncture the freezing wraith! You kick the freezing wraith!
The freezing wraith is severely damaged.
Your +5 dagger "Roahu" {spect, rElec} hits the freezing wraith but does no damage.
The freezing wraith barely misses your +5 dagger "Roahu" {spect, rElec}. x2
The cyan ugly thing kicks you but does no damage.
You puncture the necromancer! You kick the necromancer!
The necromancer is heavily wounded.
Your +5 dagger "Roahu" {spect, rElec} hits the necromancer!
The cyan ugly thing is no longer covered in acid.
Your ice devil hits the freezing wraith.
Your ice devil freezes the freezing wraith.
The freezing wraith completely resists.
The necromancer mumbles some strange words.
The necromancer binds the souls of nearby monsters.
The freezing wraith hits your +5 dagger "Roahu" {spect, rElec}!
Your spectral weapon shares its damage with you!
The freezing wraith freezes your +5 dagger "Roahu" {spect, rElec}!
Your +5 dagger "Roahu" {spect, rElec} resists.
Your spectral weapon shares its damage with you!
* * * LOW HITPOINT WARNING * * *
The freezing wraith hits your +5 dagger "Roahu" {spect, rElec}!
Your spectral weapon shares its damage with you!
Your +5 dagger "Roahu" {spect, rElec} fades away.
* * * LOW HITPOINT WARNING * * *
The white ugly thing trunk-slaps you.
* * * LOW HITPOINT WARNING * * *
The white ugly thing freezes you! You resist.
You die...

#....... ...#
.#......#
#..####
......e.# #.....
........# #....
........# #..#
........#####†.#
.......)...)..u#
.......<.....uu#
#..####.....pp@#
#.....)W§#
#......4C#
#........#
............
............
###..###.## #..
###


You could see 3 ugly things, a cyclops (soul bound), a freezing wraith (unaware,
ally target), a necromancer (unaware), a wizard (soul bound) and a friendly ice
devil (summoned).

Vanquished Creatures
  A hydra (D:14)
  3 centaur warriors
  A catoblepas (D:14)
  A boulder beetle (D:13)
  4 two-headed ogres
  6 death yaks (D:9)
  3 skeletal warriors (D:12)
  2 necromancers (D:14)
  2 deep elf pyromancers
  A cyclops (D:12)
  7 ugly things
  Joseph (D:7)
  A cane toad (shapeshifter) (D:14)
  A komodo dragon (D:11)
  A kobold demonologist (D:12)
  A freezing wraith (D:15)
  A troll (D:13)
  A hornet (D:9)
  Prince Ribbit (D:5)
  2 wraiths
  A vampire (D:10)
  14 yaks
  15 humans
  2 wyverns
  2 hogs (D:8)
  A steam dragon (D:8)
  2 acid dragons
  2 water moccasins
  4 ice beasts
  3 orc warriors
  3 ogres
  A sky beast (D:7)
  4 centaurs
  2 phantoms
  3 kobold brigands
  4 bullfrogs
  A necrophage (D:6)
  3 scorpions
  8 wights
  13 killer bees (D:10)
  2 hounds
  4 orc priests
  2 iguanas (D:5)
  3 orc wizards
  8 gnolls
  11 adders
  3 river rats
  2 white imps (D:6)
  An ufetubus (D:5)
  3 dart slugs
  22 orcs
  A bat (D:3)
  5 endoplasms
  4 giant cockroaches
  3 goblins
  11 hobgoblins
  6 jackals
  13 kobolds
  2 quokkas (D:3)
  12 ball pythons
  3 frilled lizards
  38 rats
288 creatures vanquished.

Vanquished Creatures (collateral kills)
  3 vault guards (D:14)
  A death knight (D:15)
  A boulder beetle (D:12)
  2 skeletal warriors (D:15)
  2 ugly things (D:14)
  A deep elf zephyrmancer (D:15)
  2 cyclopes
  A komodo dragon (shapeshifter) (D:13)
  A wraith (D:13)
  6 humans (D:14)
  An adder (Sewer)
  A gnoll (D:5)
  2 jackals (D:1)
  A ball python (Sewer)
  A frilled lizard (Sewer)
  A rat (Sewer)
27 creatures vanquished.

Vanquished Creatures (others)
  An orange crystal statue (D:12)
  A deep elf pyromancer (D:12)
  A steam dragon (D:7)
  A water moccasin (D:9)
  A sky beast (D:6)
  2 wights (D:8)
  A killer bee (D:10)
  2 howler monkeys (D:10)
  35 jellies
  A gnoll bouda (D:6)
  An orc wizard (D:7)
  5 gnolls
  2 adders
  An ufetubus (D:7)
  An endoplasm (D:4)
  13 orcs
  2 goblins (D:10)
  A quokka (D:4)
  A ball python (D:4)
73 creatures vanquished.

Grand Total: 388 creatures vanquished

Notes
Turn   | Place    | Note
-------+----------+-------------------------------------------
     0 | D:1      | MachoJfn the Demonspawn Gladiator began the quest for the
                  | Orb.
     0 | D:1      | Reached XP level 1. HP: 16/16 MP: 1/1
   299 | D:1      | Gained mutation: A weak demonic guardian rushes to your
                  | aid. [demonic ancestry]
   299 | D:1      | Reached XP level 2. HP: 22/22 MP: 2/2
   356 | D:1      | Identified a scroll of acquirement
   356 | D:1      | Acquired the +12 crystal plate armour of Youthful
                  | Indiscretion {-Tele rC+ rN+ rCorr SInv}
   979 | D:2      | Reached XP level 3. HP: 27/27 MP: 3/3
  1236 | D:2      | Identified the +5 dagger "Roahu" {spect, rElec}
  1911 | D:3      | Found a faded altar of an unknown god.
  1930 | D:3      | Found a snail-covered altar of Cheibriados.
  2040 | D:3      | Reached XP level 4. HP: 34/34 MP: 4/4
  2046 | D:3      | Found a glowing drain.
  2095 | Sewer    | Entered a sewer
  2136 | Sewer    | Reached skill level 1 in Armour
  2323 | Sewer    | Gained mutation: You have large cloven feet. [demonic
                  | ancestry]
  2323 | Sewer    | Reached XP level 5. HP: 39/39 MP: 5/5
  2490 | Sewer    | Reached skill level 1 in Short Blades
  2490 | Sewer    | Reached skill level 2 in Armour
  2502 | Sewer    | Gained mutation: You are partially covered in icy blue
                  | scales. (AC +2) [demonic ancestry]
  2502 | Sewer    | Reached XP level 6. HP: 47/47 MP: 6/6
  2734 | D:3      | Prayed at the altar of an unknown god.
  2734 | D:3      | Became a worshipper of Jiyva Juir the Shapeless
  2734 | D:3      | Reached * piety under Jiyva
  3103 | D:4      | Reached ** piety under Jiyva
  3193 | D:4      | Found a broken altar of Ashenzari.
  3198 | D:4      | Reached skill level 3 in Armour
  3592 | D:5      | Entered Level 5 of the Dungeon
  3604 | D:5      | Noticed an ice beast
  3611 | D:5      | Killed an ice beast
  3612 | D:5      | Reached XP level 7. HP: 52/52 MP: 7/7
  3868 | D:5      | Reached *** piety under Jiyva
  3975 | D:5      | Reached skill level 4 in Armour
  3988 | D:5      | Noticed Prince Ribbit
  3997 | D:5      | Killed Prince Ribbit
  4200 | D:6      | Gained mutation: You have acidic saliva. [Jiyva's grace]
  4200 | D:6      | Gained mutation: You have a small jelly attached to you
                  | that senses nearby items. [Jiyva's grace]
  4200 | D:6      | Gained mutation: You are robust. (+10% HP) [Jiyva's grace]
  4200 | D:6      | Gained mutation: You are very robust. (+20% HP) [Jiyva's
                  | grace]
  4317 | D:6      | Reached XP level 8. HP: 55/72 MP: 8/8
  4373 | D:6      | Found a sparkling altar of Nemelex Xobeh.
  4573 | D:6      | Reached **** piety under Jiyva
  4727 | D:6      | Reached skill level 5 in Armour
  4767 | D:6      | Found a staircase to the Ecumenical Temple.
  5089 | D:7      | Reached skill level 5 in Short Blades
  5152 | D:7      | Acquired the ring "Poeshrau" {+Blink Fly Dex+3 Stlth+}
  5303 | D:7      | Noticed Joseph
  5328 | D:7      | Killed Joseph
  5329 | D:7      | Reached skill level 5 in Fighting
  5329 | D:7      | Reached skill level 6 in Armour
  5370 | D:7      | Gained mutation: A demonic guardian rushes to your aid.
                  | [demonic ancestry]
  5370 | D:7      | Reached XP level 9. HP: 81/81 MP: 9/9
  5843 | D:7      | Reached skill level 1 in Stealth
  5926 | D:7      | Reached skill level 7 in Armour
  6833 | D:8      | Found a snail-covered altar of Cheibriados.
  7116 | D:8      | Reached skill level 8 in Armour
  7142 | D:8      | Reached XP level 10. HP: 77/91 MP: 10/10
  7159 | D:8      | Found an ancient bone altar of Kikubaaqudgha.
  7184 | D:8      | Lost mutation: You are very robust. (+20% HP) [Jiyva's
                  | grace]
  7184 | D:8      | Lost mutation: You are robust. (+10% HP) [Jiyva's grace]
  7184 | D:8      | Gained mutation: You are agile. (Dex +4, Str/Int -1)
                  | [Jiyva's grace]
  7184 | D:8      | Gained mutation: You are very agile. (Dex +8, Str/Int -2)
                  | [Jiyva's grace]
  7184 | D:8      | Gained mutation: Your rubbery body absorbs attacks. (AC +1,
                  | EV +1) [Jiyva's grace]
  7184 | D:8      | Gained mutation: Your pliable body absorbs attacks. (AC +2,
                  | EV +2) [Jiyva's grace]
  7344 | D:8      | Reached ***** piety under Jiyva
  7761 | D:9      | Noticed a death yak
  7761 | D:9      | Noticed a death yak
  7761 | D:9      | Noticed a death yak
  7761 | D:9      | Noticed a death yak
  7765 | D:9      | Noticed a death yak
  7780 | D:9      | Killed a death yak
  7785 | D:9      | Noticed a death yak
  7786 | D:9      | Killed a death yak
  7787 | D:9      | Reached skill level 9 in Armour
  7791 | D:9      | Killed a death yak
  7798 | D:9      | Killed a death yak
  7806 | D:9      | Killed a death yak
  7826 | D:9      | Killed a death yak
  7827 | D:9      | Gained mutation: You regenerate magic rapidly. [demonic
                  | ancestry]
  7827 | D:9      | Reached XP level 11. HP: 65/84 MP: 11/11
  8087 | D:9      | Found a staircase to the Orcish Mines.
  8106 | D:9      | Lost mutation: You are very agile. (Dex +8, Str/Int -2)
                  | [Jiyva's grace]
  8106 | D:9      | Lost mutation: You have a small jelly attached to you that
                  | senses nearby items. [Jiyva's grace]
  8106 | D:9      | Gained mutation: You have a somewhat thin skeletal
                  | structure. (Dex +2, Stealth+) [Jiyva's grace]
  8106 | D:9      | Gained mutation: You have a moderately thin skeletal
                  | structure. (Dex +4, Stealth++) [Jiyva's grace]
  8106 | D:9      | Gained mutation: You have an unnaturally thin skeletal
                  | structure. (Dex +6, Stealth+++) [Jiyva's grace]
  8106 | D:9      | Gained mutation: You have sharp fingernails. [Jiyva's
                  | grace]
  8149 | D:9      | Found a staircase to the Lair.
  8443 | Orc:1    | Entered Level 1 of the Orcish Mines
  8443 | Orc:1    | Noticed an orc knight
  8460 | D:10     | Entered Level 10 of the Dungeon
  8487 | D:10     | Reached ****** piety under Jiyva
  8517 | D:10     | Reached skill level 10 in Armour
  8891 | D:10     | Found an opulent altar of Gozag.
  8909 | D:10     | Found a flagged portal.
  9841 | D:11     | Noticed a two-headed ogre
  9949 | D:11     | Killed a two-headed ogre
  9970 | D:11     | Lost mutation: You have sharp fingernails. [Jiyva's grace]
  9970 | D:11     | Lost mutation: Your pliable body absorbs attacks. (AC +2,
                  | EV +2) [Jiyva's grace]
  9970 | D:11     | Lost mutation: Your rubbery body absorbs attacks. (AC +1,
                  | EV +1) [Jiyva's grace]
  9970 | D:11     | Gained mutation: You are resistant to electric shocks.
                  | (rElec) [Jiyva's grace]
  9970 | D:11     | Gained mutation: You are strong-willed. (Will+) [Jiyva's
                  | grace]
  9970 | D:11     | Gained mutation: You are highly strong-willed. (Will++)
                  | [Jiyva's grace]
  9970 | D:11     | Gained mutation: You are extremely strong-willed. (Will+++)
                  | [Jiyva's grace]
 10462 | D:12     | Noticed a green ugly thing
 10462 | D:12     | You are sucked into a shaft and drop 1 floor!
 10466 | D:13     | Found a gate leading to a gauntlet.
 10510 | D:12     | Noticed a death knight
 10511 | D:12     | Found a runed translucent gate.
 10511 | D:12     | Found a runed translucent gate.
 10511 | D:12     | Found a runed translucent gate.
 10512 | D:12     | Noticed a flayed ghost
 10512 | D:12     | Noticed a frost giant
 10518 | D:12     | Noticed Efuan's ghost (journeyman MiFi)
 10670 | D:12     | Reached skill level 10 in Short Blades
 10701 | D:12     | Noticed a boulder beetle
 10705 | D:12     | Killed a deep elf pyromancer
 10766 | D:12     | Killed a boulder beetle
 10767 | D:12     | Reached skill level 11 in Armour
 10895 | D:12     | Noticed a centaur warrior
 10901 | D:12     | Killed a green ugly thing
 10910 | D:12     | Killed a centaur warrior
 11031 | D:12     | Found a runed translucent door.
 11044 | D:12     | Found a runed translucent door.
 11057 | D:12     | Found a runed translucent door.
 11079 | D:12     | Found a runed translucent door.
 11080 | D:12     | Noticed a green ugly thing
 11420 | D:12     | Killed a green ugly thing
 11421 | D:12     | Noticed an orange crystal statue
 11476 | D:12     | Noticed a deep elf pyromancer
 11481 | D:12     | Killed a deep elf pyromancer
 11482 | D:12     | Gained mutation: You have hoof-like feet. [demonic
                  | ancestry]
 11482 | D:12     | Reached XP level 12. HP: 92/92 MP: 12/12
 11903 | D:12     | Upgraded the game from 0.30-a0-778-g2ef04afb54 to
                  | 0.30-a0-808-g6e0788376e
 11969 | D:13     | Noticed a boulder beetle
 11977 | D:13     | Killed a boulder beetle
 12120 | D:13     | Noticed a two-headed ogre
 12122 | D:13     | Noticed a centaur warrior
 12128 | D:13     | Killed a two-headed ogre
 12129 | D:13     | Reached skill level 12 in Armour
 12134 | D:13     | Killed a centaur warrior
 12135 | D:13     | Reached skill level 5 in Stealth
 12169 | D:13     | Found a runed translucent door.
 12169 | D:13     | Noticed Jynaviopo's ghost (journeyman GrFi)
 12236 | D:13     | Noticed a two-headed ogre
 12243 | D:13     | Killed a two-headed ogre
 12422 | D:13     | Noticed a two-headed ogre
 12429 | D:13     | Killed a two-headed ogre
 13001 | D:14     | Found Abavvy's General Store.
 13023 | D:14     | Bought a potion of flight for 39 gold pieces
 13053 | D:14     | Noticed a four-headed hydra
 13057 | D:14     | Noticed a catoblepas
 13061 | D:14     | Killed a four-headed hydra
 13074 | D:14     | Killed a catoblepas
 13129 | D:14     | Noticed a centaur warrior
 13140 | D:14     | Killed a centaur warrior
 13205 | D:14     | Lost mutation: You are extremely strong-willed. (Will+++)
                  | [Jiyva's grace]
 13205 | D:14     | Gained mutation: Your spells are a little harder to cast,
                  | but a little more powerful. [Jiyva's grace]
 13205 | D:14     | Gained mutation: Your spells are harder to cast, but more
                  | powerful. [Jiyva's grace]
 13205 | D:14     | Gained mutation: Your spells are much harder to cast, but
                  | much more powerful. [Jiyva's grace]
 13205 | D:14     | Gained mutation: Your flesh is heat resistant. (rF+)
                  | [Jiyva's grace]
 13500 | D:14     | Reached skill level 13 in Armour
 13500 | D:14     | Reached XP level 13. HP: 102/102 MP: 13/13
 13557 | D:14     | Found a gate to the Vaults.
 13575 | D:14     | HP: 3/96 [vault guard/+0 glaive (10)]
 13583 | D:14     | Reached skill level 10 in Fighting
 14125 | D:15     | Entered Level 15 of the Dungeon
 14161 | D:15     | Slain by a white ugly thing

Illustrated notes

Levels and vault maps discovered:
D:1:      dpeg_arrival_long_road, layout_loops_corners
D:2:      layout_loops_cross, minmay_misc_feat_plants
D:3:      layout_basic, cheibriados_altar_1,
          hellmonk_ecumenical_altar_pennies_from_heaven, gup_sewer_entry_bowl,
          grunt_decor_fettered, hangedman_decor_diamond_cutter
D:4:      nicolae_cairo_tiling_large_dashed, layout_basic,
          mainiacjoe_overflow_alcove_4
D:5:      layout_rooms, uniq_prince_ribbit1
D:6:      layout_loops_ring, nemelex_dance_club_becter,
          minmay_temple_entry_crystal_x, minmay_door_square, sigmund_army
D:7:      layout_layer_cave, grunt_tough_drop, uniq_joseph
D:8:      layout_cave_pools, mainiacjoe_overflow_six_doors_small,
          grunt_livestock, kennysheep_small_circle
D:9:      layout_cave_pods, dpeg_lair_monsters, david_orc_2,
          minmay_misc_feat_room, abandoned_shop
D:10:     layout_loops_cross, grunt_gozag_statues, enter_bailey_5
D:11:     layout_irregular_city
D:12:     layout_loops_corners, gammafunk_ghost_split,
          hangedman_abyss_or_decor_lesser_grid, minmay_statue_crystal_thing
D:13:     layout_layer_cave, hellmonk_ghost_happy_afterlife,
          gauntlet_entry_generic
D:14:     layout_gridville, grunt_vaults_entry_tiered, serial_shops,
          nicolae_stop_n_shop_2, chequers_serial_rivers_micro_c
D:15:     hangedman_depths_entry_civil_slaughter, layout_small_grid
Orc:1:    layout_caves

Skill      XL: |  1  2  3  4  5  6  7  8  9 10 11 12 13 |
---------------+----------------------------------------+-----
Axes           | 3 4 |  4.3
Dodging        | 3 |  3.2
Armour         | 1 2 3 4 6 8 9 11 13 | 13.8
Short Blades   | 1 2 4 5 7 9 10 11 | 11.1
Fighting       | 3 4 5 6 7 8 9 10 | 10.2
Stealth        | 1 2 4 6 7 |  7.1
Throwing       | 2 |  2.4
Evocations     | |  0.4

Action                     |  1- 3 |  4- 6 |  7- 9 | 10-12 | 13-15 || total
---------------------------+-------+-------+-------+-------+-------++-------
  Melee: War axe           |    61 |       |       |       |       ||    61
         Dagger            |    23 |   138 |   208 |   536 |    71 ||   976
         Kick              |       |    10 |    76 |   274 |    40 ||   400
         Bite              |       |       |    29 |    94 |    17 ||   140
  Throw: Throwing net      |       |       |       |     3 |       ||     3
 Invoke: Slimify           |       |       |     1 |       |       ||     1
  Evoke: Wand              |       |       |       |       |     3 ||     3
         Piece from Xom's  |       |       |       |       |     1 ||     1
    Use: Scroll            |     6 |     5 |     3 |     1 |     3 ||    18
         Potion            |     4 |     1 |     1 |     6 |     5 ||    17
   Stab: Distracted        |     1 |       |     3 |    11 |     1 ||    16
         Held in net/web   |       |       |       |     2 |       ||     2
         Betrayed ally     |       |       |       |     1 |       ||     1
 Armour: Ring mail         |    21 |       |       |       |       ||    21
         Crystal plate arm |    30 |   303 |   184 |   334 |    94 ||   945
  Dodge: Dodged            |    39 |    23 |    46 |    82 |    17 ||   207

Table legend: (Time is in decaauts)
 A = Elapsed time spent in this place.
 B = Non-inter-level travel time spent in this place.
 C = Inter-level travel time spent in this place.
 D = Time resting spent in this place.
 E = Time spent auto-exploring this place.
 F = Levels seen in this place.
 G = Mean time per level.
                   A        B        C        D        E       F      G
               +--------+--------+--------+--------+--------+-----+--------+
         Total |  14431 |  11200 |   3231 |   2421 |   6568 |  17 |  848.9 |
       Dungeon |  13881 |  10650 |   3231 |   2253 |   6479 |  15 |  925.4 |
  Orcish Mines |      1 |      1 |      0 |      0 |      0 |   1 |    1.0 |
         Sewer |    548 |    548 |      0 |    167 |     88 |   1 |  548.0 |
               +--------+--------+--------+--------+--------+-----+--------+

Top non-repeatable levels by time:
     D:7: 1727 daAuts
    D:12: 1397 daAuts
    D:13: 1157 daAuts
    D:14: 1102 daAuts
    D:11: 1029 daAuts
    D:10: 968 daAuts
     D:6: 965 daAuts
     D:1: 940 daAuts
     D:9: 902 daAuts
     D:3: 794 daAuts
     D:8: 788 daAuts
     D:2: 760 daAuts
     D:4: 732 daAuts
     D:5: 587 daAuts
   Sewer: 548 daAuts
